 Dungeon Crawl Stone Soup version 0.22-a0-117-g314b907 (webtiles) character file.

2185 tilp the Frost Mage (level 9, -1/66 HPs)
             Began as a Merfolk Ice Elementalist on Jan 29, 2018.
             Was a Believer of Makhleb.
             Killed from afar by Conn321's ghost (30 damage)
             ... with a fireball
             ... on level 8 of the Dungeon.
             The game lasted 00:29:49 (9485 turns).

tilp the Frost Mage (Merfolk Ice Elementalist)      Turns: 9485, Time: 00:29:52

Health: -1/66      AC: 13    Str:  8    XL:     9   Next: 33%
Magic:  9/12       EV: 14    Int: 17    God:    Makhleb [**....]
Gold:   290        SH:  0    Dex: 15    Spells: 6/12 levels left

rFire    . . .     SeeInvis .   a - +0 hunting sling
rCold    . . .     Gourm    .   (no shield)
rNeg     . . .     Faith    .   d - +0 robe
rPois    .         Spirit   .   E - +0 helmet
rElec    .         Reflect  .   h - +0 cloak
rCorr    .         Harm     .   m - +0 pair of gloves
MR       .....                  g - +1 pair of boots
Stlth    +++.......             (no amulet)
HPRegen  0.21/turn              (no ring)
MPRegen  0.13/turn              (no ring)

@: icy armour, slow
A: change form in water, swift swim, stealthy swim
a: Minor Destruction, Renounce Religion


You were on level 8 of the Dungeon.
You worshipped Makhleb.
Makhleb was pleased with you.
You were hungry.

You visited 1 branch of the dungeon, and saw 8 of its levels.
You also visited: Sewer.

You collected 339 gold pieces.
You spent 49 gold pieces at shops.

Inventory:

Hand Weapons
 a - a +0 hunting sling (weapon)
 b - a +1 short sword of venom
 p - a +0 short sword of draining
 w - a +0 morningstar of draining
 G - a +0 trident
 P - a +2 dagger of electrocution
Missiles
 e - 181 stones
 y - a throwing net
 z - 34 sling bullets (quivered)
 L - 8 javelins
 O - 2 tomahawks
Armour
 d - a +0 robe (worn)
 g - a +1 pair of boots (worn)
 h - a +0 cloak (worn)
 m - a +0 pair of gloves (worn)
 E - a +0 helmet (worn)
Magical Staves
 l - an uncursed staff of power {unknown}
Jewellery
 j - an uncursed ring of magical power {unknown}
 D - an uncursed ring of fire {unknown}
 H - an uncursed ring of protection from cold {unknown}
 N - an uncursed ring of fire {unknown}
Wands
 M - a wand of paralysis (14)
Scrolls
 f - 5 scrolls of teleportation
 o - 3 scrolls of fog {unknown}
 r - 4 scrolls of magic mapping {unknown}
 s - 2 scrolls of fear {unknown}
 u - 2 scrolls of blinking {unknown}
 x - a scroll of remove curse {unknown}
 A - a scroll of enchant weapon {unknown}
 C - 2 scrolls of identify {unknown}
 F - a scroll of amnesia {unknown}
 I - a scroll of noise {unknown}
Potions
 i - 3 potions of lignification {unknown}
 k - a potion of heal wounds {unknown}
 n - 2 potions of magic {unknown}
 q - 3 potions of might {unknown}
 v - 7 potions of curing
 B - 2 potions of invisibility {unknown}
 J - a potion of haste {unknown}
Books
 t - a book of Frost

   Spells                             Type                      Level
   a - Freeze                         Ice                          1
   b - Throw Frost                    Conjuration/Ice              2
   c - Ozocubu's Armour               Charms/Ice                   3
   d - Throw Icicle                   Conjuration/Ice              4
   e - Summon Ice Beast               Ice/Summoning                4
 K - a book of Changes

   Spells                             Type                      Level
   a - Beastly Appendage              Transmutation                1
   b - Sticks to Snakes               Transmutation                2
   c - Spider Form                    Transmutation/Poison         3
   d - Ice Form                       Ice/Transmutation            4
   e - Blade Hands                    Transmutation                5
Comestibles
 c - 6 rations
 Q - a chunk of flesh


   Skills:
 - Level 4.5 Fighting
 + Level 6.9 Polearms
 - Level 4.2 Dodging
 - Level 4.6 Stealth
 - Level 2.0 Spellcasting
 - Level 0.7 Conjurations
 - Level 4.4 Charms
 - Level 8.3 Ice Magic
 - Level 4.3 Invocations


You had 6 spell levels left.
You knew the following spells:

 Your Spells              Type           Power        Failure   Level  Hunger
a - Freeze                Ice            ####         1%          1    #......
b - Throw Frost           Conj/Ice       ###...       4%          2    ###....
c - Ozocubu's Armour      Chrm/Ice       ###.....     4%          3    ###....


Dungeon Overview and Level Annotations

Branches:
Dungeon (8/15)             Temple (0/1) D:6
   Lair: D:8-11

Altars:
Makhleb
Nemelex Xobeh
Okawaru
Qazlal
Sif Muna
Uskayaw
Vehumet

Shops:
D:5 (

Annotations:
D:2 exclusion: ogre
D:7 exclusion: hippogriff, Dowan, Duvessa, Joseph
D:8 exclusion: orc warrior, Conn321's ghost, novice OpFE; Erica


Message History

Found a stone staircase leading down.
o - 3 scrolls labeled NUOPSA PAUH (gained 1) Some of the chunks of flesh in your inventory have rotted away.
Some of the chunks of flesh in your inventory have rotted away.
Some of the chunks of flesh in your inventory have rotted away.
Conn321's ghost (novice Octopode Fire Elementalist) comes into view.
It is wielding a weapon of venom.
Press: ? - help, v - describe, . - travel
Here: Conn321's ghost, wielding a weapon of venom (hasn't noticed you)
The floor.
Conn321's ghost turns its malevolent gaze towards you.
Conn321's ghost stares at you and mumbles some strange words.
The fireball explodes!
The fireball engulfs you!
Ouch! That really hurt!
Casting: Freeze (safe; 1% risk of failure)
Confirm with . or Enter, or press ? or * to list all spells.
A film of ice covers your body!
You are feeling hungry.
Conn321's ghost casts a spell at you.
The fireball explodes!
The fireball engulfs you!
You die...

#.# #.# #.# #.# #.#
####.############
####.......@.......#
#........#.#.#.##..#
#.#........#.#.##..#
######........#.#.#.##..#
........#.....#<#.#..#..#
.###########.##.#.##.#..#
)# #.##.#W##.#..# ## .#
#+##.........# #. .#
.gg######.#### #.


You could see Conn321's ghost.

Vanquished Creatures
  A hippogriff (D:8)
  Eustachio (D:4)
  A water moccasin (D:8)
  3 black bears
  The ghost of p0werm0de the Ruffian, an amateur FoCK of Xom (D:3)
  An ogre (D:7)
  4 big kobolds (Sewer)
  A bullfrog (D:8)
  2 scorpions
  2 howler monkeys
  2 crimson imps
  2 orc priests
  A gnoll shaman (D:5)
  A bullfrog skeleton (D:4)
  4 orc wizards
  4 worker ants
  A worker ant zombie (D:7)
  Robin (D:4)
  10 adders
  7 gnolls
  A howler monkey skeleton (D:4)
  4 river rats
  6 oozes
  5 worms
  2 dart slugs (D:1)
  14 orcs
  10 bats
  7 giant cockroaches
  15 goblins
  12 hobgoblins
  9 jackals
  12 kobolds
  A quokka (D:2)
  4 ball pythons
  3 frilled lizards
  9 rats
164 creatures vanquished.

Notes
Turn   | Place    | Note
-------+----------+-------------------------------------------
     0 | D:1      | tilp the Merfolk Ice Elementalist began the quest for the Orb.
     0 | D:1      | Reached XP level 1. HP: 13/13 MP: 3/3
   330 | D:1      | Reached XP level 2. HP: 19/19 MP: 1/5
   334 | D:1      | Learned a level 2 spell: Throw Frost
   413 | D:1      | Reached skill level 4 in Ice Magic
   704 | D:1      | Reached XP level 3. HP: 24/24 MP: 6/6
   709 | D:1      | Learned a level 3 spell: Ozocubu's Armour
  1293 | D:2      | Reached skill level 5 in Ice Magic
  1316 | D:2      | Noticed an ogre
  1355 | D:2      | Reached XP level 4. HP: 30/30 MP: 0/7
  1602 | D:2      | Reached skill level 6 in Ice Magic
  1602 | D:2      | Reached XP level 5. HP: 18/35 MP: 0/8
  1877 | D:2      | Reached skill level 1 in Fighting
  2518 | D:2      | Found a burning altar of Makhleb.
  2527 | D:2      | Became a worshipper of Makhleb the Destroyer
  2739 | D:3      | Found an iron altar of Okawaru.
  2860 | D:3      | Found a deep blue altar of Sif Muna.
  2891 | D:3      | Reached XP level 6. HP: 47/47 MP: 5/9
  2991 | D:3      | Found a glowing drain.
  3001 | Sewer    | Entered a sewer
  3191 | Sewer    | Reached * piety under Makhleb
  3476 | Sewer    | Reached skill level 1 in Charms
  3674 | Sewer    | Reached XP level 7. HP: 52/55 MP: 0/10
  4067 | D:3      | Noticed p0werm0de's ghost (amateur FoCK)
  4075 | D:3      | Killed p0werm0de's ghost
  4783 | D:4      | Reached skill level 7 in Ice Magic
  4842 | D:4      | Found a hide-covered altar of Uskayaw.
  5039 | D:4      | Reached ** piety under Makhleb
  5040 | D:4      | Noticed Robin
  5051 | D:4      | Killed Robin
  5052 | D:4      | Noticed Eustachio
  5061 | D:4      | Reached XP level 8. HP: 61/61 MP: 3/11
  5209 | D:4      | Killed Eustachio
  5209 | D:4      | Reached skill level 8 in Ice Magic
  5886 | D:5      | Entered Level 5 of the Dungeon
  6276 | D:5      | Reached skill level 1 in Invocations
  6868 | D:5      | Found Yna Tise's Weapon Boutique.
  6876 | D:5      | Bought a +0 trident for 49 gold pieces
  7322 | D:6      | Found a radiant altar of Vehumet.
  7322 | D:6      | Found a stormy altar of Qazlal.
  7536 | D:6      | Found a staircase to the Ecumenical Temple.
  7772 | D:7      | Noticed Duvessa
  7975 | D:7      | Noticed a hippogriff
  8232 | D:7      | Found a sparkling altar of Nemelex Xobeh.
  8245 | D:7      | Noticed Joseph
  8344 | D:7      | Reached skill level 1 in Polearms
  8344 | D:7      | Reached XP level 9. HP: 66/66 MP: 1/12
  8742 | D:7      | Noticed Dowan
  9075 | D:8      | Reached skill level 5 in Polearms
  9320 | D:8      | Noticed Erica
  9477 | D:8      | Noticed Conn321's ghost (novice OpFE)
  9485 | D:8      | Killed from afar by Conn321's ghost

Vault maps used:
D:1:      eino_arrival_tree_alley
D:2:      makhleb_grotto_becter, first_ration
D:3:      marbit_many_paths, okawaru_gym_becter, portal_sewer_entry_b
D:4:      nicolae_overflow_hidden_temple, uniq_robin, uniq_eustachio
D:5:      serial_shops, shop
D:6:      gammafunk_temple_overflow_wave, minmay_temple_entry_statues
D:7:      basic_altar, uniq_duvessa, uniq_joseph
D:8:      serial_shops, shop, uniq_prince_ribbit1, uniq_erica, uniq_grum,
          uniq_psyche
Sewer:    sewer_co_15_rooms

Skill      XL: |  1  2  3  4  5  6  7  8  9 |
---------------+----------------------------+-----
Ice Magic      | 4 5 6 7 8 |  8.3
Fighting       | 3 4 |  4.5
Charms         | 2 4 |  4.4
Dodging        | 4 |  4.2
Invocations    | 4 |  4.3
Stealth        | 4 |  4.6
Polearms       | 1 6 |  6.9
Spellcasting   | |  2.0
Conjurations   | |  0.7

Action                   |  1- 3 |  4- 6 |  7- 9 || total
-------------------------+-------+-------+-------++-------
Melee: Unarmed           |     1 |       |       ||     1
       Short sword       |       |       |     1 ||     1
       Hunting sling     |       |       |     1 ||     1
 Fire: Hunting sling     |    72 |    91 |   252 ||   415
 Cast: Freeze            |    31 |    50 |    97 ||   178
       Throw Frost       |     1 |    27 |    38 ||    66
       Ozocubu's Armour  |       |     3 |    17 ||    20
Evoke: Wand              |       |       |     1 ||     1
  Use: Scroll            |       |     2 |       ||     2
  Eat: Chunk             |     2 |     8 |    19 ||    29
       Ration            |       |     1 |     1 ||     2
Armor: Robe              |    14 |    23 |    48 ||    85
Dodge: Dodged            |    20 |    44 |   108 ||   172

Table legend:
 A = Spawn XP
 B = Non-spawn XP
 C = Spawn XP percentage of total XP
 D = Spawn monster count
 E = Non-spawn monster count
 F = Spawn count percentage of total count
 G = Total turns spent on level
                    A         B        C        D         E        F      G
               +---------+---------+-------+---------+---------+-------+---------
         Total |       0 |    3122 |   0.0 |       0 |     164 |   0.0 |  9485
               +---------+---------+-------+---------+---------+-------+---------
           D:1 |       0 |      49 |   0.0 |       0 |      29 |   0.0 |  1043
           D:2 |       0 |     251 |   0.0 |       0 |      26 |   0.0 |  1593
           D:3 |       0 |     213 |   0.0 |       0 |      27 |   0.0 |  1113
           D:4 |       0 |     423 |   0.0 |       0 |      25 |   0.0 |  1151
           D:5 |       0 |     424 |   0.0 |       0 |      14 |   0.0 |  1093
           D:6 |       0 |      86 |   0.0 |       0 |       3 |   0.0 |   719
           D:7 |       0 |     505 |   0.0 |       0 |      14 |   0.0 |  1270
           D:8 |       0 |     658 |   0.0 |       0 |       6 |   0.0 |   517
         Sewer |       0 |     513 |   0.0 |       0 |      20 |   0.0 |   986
               +---------+---------+-------+---------+---------+-------+---------
